 Dungeon Crawl Stone Soup version 0.30.1-11-g7821555f0a (webtiles) character file.

Game seed: 10808348974737319522

112 Peloso the Covered (level 4, 0/40 HPs)
             Began as a Minotaur Fighter on Dec 15, 2023.
             Slain by an orc
             ... wielding a +0 flail
              (6 damage)
             ... on level 3 of the Dungeon.
             The game lasted 00:02:46 (1507 turns).

Peloso the Covered (Minotaur Fighter)               Turns: 1507, Time: 00:02:47

Health: 0/40       AC: 11    Str: 20    XL:     4   Next: 63%
Magic:  3/3        EV:  9    Int:  5    God:
Gold:   149        SH:  7    Dex: 12    Spells: 3/3 levels left

rFire   . . .        a - +0 long sword
rCold   . . .        d - +2 buckler
rNeg    . . .        b - +0 scale mail
rPois   .            (helmet restricted)
rElec   .            (no cloak)
rCorr   .            (no gloves)
SInv    .            (no boots)
Will    .....        (no amulet) Stlth
                     l - +4 ring of protection
HPRegen 0.26/turn    (no ring)
MPRegen 0.08/turn

%: no passive effects
@: no status effects
A: horns 2, retaliatory headbutt
a: no special abilities


You were on level 3 of the Dungeon.
You visited 1 branch of the dungeon, and saw 3 of its levels.

You collected 149 gold pieces.

Inventory:

Hand Weapons
 a - a +0 long sword (weapon)
Armour
 b - a +0 scale mail (worn)
 c - a +0 buckler
 d - a +2 buckler (worn)
Jewellery
 g - an amulet of faith
 l - a +4 ring of protection (left hand)
Scrolls
 e - 2 scrolls of magic mapping
 i - 2 scrolls of identify
 j - a scroll of torment {unknown}
 k - a scroll of teleportation
 m - 2 scrolls of blinking
Potions
 f - a potion of might
 n - a potion of attraction {unknown}


   Skills:
 + Level 4.2 Fighting
 + Level 3.5 Long Blades
 + Level 4.7 Armour
 + Level 0.9 Dodging
 + Level 4.5 Shields


You had 3 spell levels left.
You didn't know any spells.
Your spell library contained the following spells:

 Spells                   Type           Power      Damage    Failure   Level
 Dazzling Flash           Conj/Hex       0%         N/A       99%         3
 Volatile Blastmotes      Fire/Tloc      0%         2d10      99%         3
 Iskenderun's Mystic Bla  Conj/Tloc      0%         2d3       100%        4
 Starburst                Conj/Fire      0%         6d3       100%        6


Dungeon Overview and Level Annotations

Branches:
Dungeon (3/15)

Altars:


Innate Abilities, Weirdness & Mutations

You have a pair of horns on your head.
You reflexively headbutt those who attack you in melee.


Message History

You hit the orc priest but do no damage.
You headbutt the orc priest, but do no damage.
The orc priest is moderately wounded.
The orc priest hits you with a +0 heavy flail.
* * * LOW HITPOINT WARNING * * *
You hit the orc priest. You headbutt the orc priest!
You kill the orc priest!
Unknown command.
Okay, then.
You hit the orc.
The orc is heavily wounded.
The orc hits you with a +0 dagger.
* * * LOW HITPOINT WARNING * * *
The orc hits you but does no damage.
Unknown command.
You feel better. The orc hits you with a +0 dagger.
* * * LOW HITPOINT WARNING * * *
Unknown command.
You hit the orc.
You kill the orc!
The adder bites you but does no damage.
Unknown command.
You hit the adder but do no damage. The adder bites you but does no damage.
Unknown command.
You miss the adder. Your headbutt misses the adder.
You block the adder's attack. The adder bites you but does no damage.
Unknown command.
You hit the adder but do no damage. The adder bites you but does no damage.
The adder closely misses you.
Unknown command.
You slash the adder! You headbutt the adder.
You kill the adder!
Unknown command.
You closely miss the orc. Your headbutt misses the orc.
The orc hits you with a +0 flail.
* * * LOW HITPOINT WARNING * * *
Unknown command.
You barely miss the orc. The orc barely misses you.
The orc hits you with a +0 flail.
You die...

#.# #.#. #.#
#.#. #
##.####.#. #.
.# #.....#.#.
#.. #.#
#..##.#.#.
.... #.#
#...#.#.#.
..... #.#
#...#.#)#
......#####.#
#...#.#.#
......'o@.#.#
#...#.#.#
......###.#.#
#.....#.#
..... #...#
#...###.# ...S
##..# #.<.#
#.# ... ##.##
#...###.# .#
#..# #..[.<#.#
#..###.#####.#
#.>..........#
#.####.#######


You could see an orc.

Vanquished Creatures
  An orc priest (D:3)
  4 adders
  2 worms (D:2)
  3 orcs (D:3)
  2 bats
  2 endoplasms (D:1)
  2 giant cockroaches (D:1)
  3 goblins (D:1)
  4 hobgoblins
  5 ball pythons
  2 frilled lizards (D:1)
  7 kobolds
  4 rats
41 creatures vanquished.

Notes
Turn   | Place    | Note
-------+----------+-------------------------------------------
     0 | D:1      | Peloso the Minotaur Fighter began the quest for the Orb.
     0 | D:1      | Reached XP level 1. HP: 19/19 MP: 0/0
   388 | D:1      | Reached XP level 2. HP: 27/27 MP: 1/1
   749 | D:2      | Reached XP level 3. HP: 33/33 MP: 2/2
   840 | D:2      | Identified the +10 sling "Soah" {speed, Str+3}
  1450 | D:3      | Reached XP level 4. HP: 40/40 MP: 3/3
  1507 | D:3      | Slain by an orc

Illustrated notes

Levels and vault maps discovered:
D:1:      pf_arrival_petrified_forest, layout_loops_ring, minmay_tetromino_t4
D:2:      layout_rooms
D:3:      layout_basic, shapermc_ecumenical_altar_petra, minmay_joined_circles

Skill      XL: |  1  2  3 |
---------------+----------+-----
Shields        | 4 |  4.5
Armour         | 4 |  4.7
Fighting       | 4 |  4.2
Long Blades    | 3 |  3.5
Dodging        | |  0.9

Action                     |  1- 3 |  4- 6 || total
---------------------------+-------+-------++-------
  Melee: Long sword        |    89 |    20 ||   109
         Headbutt          |    15 |     5 ||    20
    Use: Scroll            |     5 |       ||     5
         Potion            |     3 |     1 ||     4
 Armour: Scale mail        |    30 |     5 ||    35
  Dodge: Dodged            |    36 |     5 ||    41
  Block: Buckler           |    27 |     3 ||    30
